 Dungeon Crawl Stone Soup version 0.30-a0-534-gdc55766716 (webtiles) character file.

Game seed: 16248152550175014388

49 Newt the Shooter (level 4, -1/26 HPs)
             Began as a Kobold Hunter on Dec 24, 2022.
             Killed from afar by Terence (11 damage)
             ... with a bolt of light
             ... on level 2 of the Dungeon.
             The game lasted 00:01:14 (1322 turns).

Newt the Shooter (Kobold Hunter)                    Turns: 1322, Time: 00:01:15

Health: -1/26      AC:  3    Str:  8    XL:     4   Next: 2%
Magic:  4/4        EV: 14    Int: 10    God:
Gold:   44         SH:  0    Dex: 20    Spells: 3/3 levels left

rFire   . . .      SeeInvis .    a - +0 shortbow
rCold   . . .      Faith    .    (shield currently unavailable)
rNeg    . . .      Spirit   .    c - +0 leather armour
rPois   .          Reflect  .    (no helmet)
rElec   .          Harm     .    j - scarf {+Inv}
rCorr   .          Rampage  .    (no gloves)
Will    .....                    (no boots)
Stlth   +++                      (no amulet)
HPRegen 0.24/turn                (no ring)
MPRegen 0.09/turn                (no ring)

@: no status effects
A: small, no large weapons, nightstalker 3
a: Evoke Invisibility


You were on level 2 of the Dungeon.
You visited 1 branch of the dungeon, and saw 2 of its levels.

You collected 44 gold pieces.

Inventory:

Hand Weapons
 a - a +0 shortbow (weapon)
Armour
 c - a +0 leather armour (worn)
 j - a scarf of invisibility (worn)
Scrolls
 b - a scroll of immolation
 g - a scroll of enchant armour {unknown}
 h - a scroll of teleportation {unknown}
 k - a scroll of fog {unknown}
Potions
 d - a potion of ambrosia {unknown}
 e - a potion of attraction {unknown}
 f - a potion of might {unknown}
 i - a potion of invisibility {unknown}


   Skills:
 - Level 2.1 Fighting
 + Level 7.1 Ranged Weapons
 - Level 2.4 Dodging
 - Level 1.3 Stealth


You had 3 spell levels left.
You didn't know any spells.
Your spell library was empty.

Dungeon Overview and Level Annotations

Branches:
Dungeon (2/15)

Altars:
Xom

Shops:
D:2 [

Annotations:
D:2 Terence


Innate Abilities, Weirdness & Mutations

You are small and have problems with some larger weapons.
You are completely attuned to the shadows.


Message History

j - a scarf of invisibility You start putting on your armour.
You continue putting on your scarf of invisibility. x4
You finish putting on your scarf of invisibility.
You become transparent for a moment.
A rat comes into view.
You shoot an arrow.
The arrow hits the rat but does no damage.
A rat is nearby!
You shoot an arrow.
The arrow hits the rat but does no damage.
You shoot an arrow. The arrow closely misses the rat.
The rat bites you.
A rat is nearby!
You shoot an arrow. The arrow closely misses the rat.
The rat bites you but does no damage.
You shoot an arrow. The arrow hits the rat!
You kill the rat!
No target in view!
HP restored.
You see here a rat corpse.
Found a shimmering altar of Xom.
Found a sling.
Unknown command.
No target in view!
k - a scroll labelled WICOYN ITHRETSIL
Found a hand axe.
Found a stone staircase leading down.
Found Aperr's Armour Boutique.
No target in view!
There is an entrance to Aperr's Armour Boutique here.
Found a stone staircase leading up.
Terence the Incautious comes into view.
He is wielding a +0 trident and carrying a wand of light (15).
You see here 15 gold pieces.
You shoot an arrow. The arrow barely misses Terence.
Terence zaps a wand.
The bolt of light misses you.
Terence zaps a wand.
The bolt of light hits you!
Ouch! That really hurt!
Unknown command.
There is a stone staircase leading up here.
Terence zaps a wand.
The bolt of light hits you!
You die...

#. #......<.# ....
#.###...#..#.#.....
....♣......#.#.....
#....###.........
#♣∩♣.......####
#....####..###
#♣...# ##...##
..#####...# ###..##
....@##...#
#.......
..........#
#....##.
#######@.###
#....### ....$....
.....# # .........
..##### ..@...###
... ......# ###
......#


You could see Terence.

Vanquished Creatures
  Natasha (D:2)
  A dart slug (D:1)
  3 endoplasms (D:1)
  A giant cockroach (D:1)
  A goblin (D:1)
  A hobgoblin (D:1)
  2 kobolds (D:1)
  2 quokkas (D:1)
  2 ball pythons (D:1)
  3 bats (D:1)
  A frilled lizard (D:1)
  4 rats
  A spectral kobold (D:1)
23 creatures vanquished.

Notes
Turn   | Place    | Note
-------+----------+-------------------------------------------
     0 | D:1      | Newt the Kobold Hunter began the quest for the Orb.
     0 | D:1      | Reached XP level 1. HP: 12/12 MP: 1/1
   243 | D:1      | Reached XP level 2. HP: 10/17 MP: 2/2
   310 | D:1      | Reached skill level 6 in Ranged Weapons
   413 | D:1      | Found a faded altar of an unknown god.
   571 | D:1      | Reached XP level 3. HP: 21/21 MP: 3/3
  1144 | D:2      | Noticed Natasha
  1146 | D:2      | Killed Natasha
  1147 | D:2      | Reached skill level 7 in Ranged Weapons
  1147 | D:2      | Reached XP level 4. HP: 26/26 MP: 4/4
  1250 | D:2      | Found a shimmering altar of Xom.
  1304 | D:2      | Found Aperr's Armour Boutique.
  1316 | D:2      | Noticed Terence
  1322 | D:2      | Killed from afar by Terence

Illustrated notes

Levels and vault maps discovered:
D:1:      lightli_arrival_windingriver, layout_loops_corners,
          dreamdust_ecumenical_altar_drowned_temple
D:2:      layout_basic, basic_altar, serial_shops, nicolae_shop_trees,
          nicolae_shop_advertising_works [nicolae_subvault_shop_adworks], shop,
          nicolae_shop_bloodbath_and_beyond, uniq_terence, uniq_natasha

Skill      XL: |  1  2  3 |
---------------+----------+-----
Ranged Weapons | 6 7 |  7.1
Fighting       | |  2.1
Dodging        | |  2.4
Stealth        | |  1.3

Action                   |  1- 3 |  4- 6 || total
-------------------------+-------+-------++-------
 Fire: Shortbow          |    38 |     6 ||    44
Armor: Leather armour    |     1 |     1 ||     2
Dodge: Dodged            |     5 |     1 ||     6

Table legend: (Time is in decaauts)
 A = Elapsed time spent in this place.
 B = Non-inter-level travel time spent in this place.
 C = Inter-level travel time spent in this place.
 D = Time resting spent in this place.
 E = Time spent auto-exploring this place.
 F = Levels seen in this place.
 G = Mean time per level.
                   A        B        C        D        E       F      G
               +--------+--------+--------+--------+--------+-----+--------+
         Total |   1354 |   1282 |     72 |      0 |   1167 |   2 |  677.0 |
       Dungeon |   1354 |   1282 |     72 |      0 |   1167 |   2 |  677.0 |
               +--------+--------+--------+--------+--------+-----+--------+

Top non-repeatable levels by time:
     D:1: 1146 daAuts
     D:2: 207 daAuts
